 Dungeon Crawl Stone Soup version 0.28-a0-1555-g9ae15a6949 (webtiles) character file.

Game seed: 2286808690189180351

10896 issech the Basher (level 11, 0/144 HPs)
             Began as a Troll Fighter on Jan 18, 2022.
             Was an Initiate of Gozag.
             Slain by a killer bee (5 damage)
             ... on level 9 of the Dungeon.
             The game lasted 01:03:49 (7775 turns).

issech the Basher (Troll Fighter)                   Turns: 7775, Time: 01:03:51

Health: 0/144      AC: 25    Str: 27 (28) XL:     11   Next: 42%
Magic:  7/10       EV:  1    Int:  0 (1)  God:    Gozag
Gold:   867        SH: 16    Dex: 22 (24) Spells: 10/10 levels left

rFire   . . .      SeeInvis .   C - +6 mace of Mayhem {elec, rC+++ Int-3 Dex+3}
rCold   + + +      Faith    .   c - +0 kite shield
rNeg    . . .      Spirit   .   (armour currently unavailable)
rPois   +          Reflect  +   (helmet currently unavailable)
rElec   .          Harm     .   (cloak currently unavailable)
rCorr   .          Rampage  .   (gloves unavailable)
Will    .....      NoTele   +   (boots unavailable)
Stlth   ++++......              T - amulet of reflection
HPRegen 1.14/turn               h - +6 ring of dexterity
MPRegen 0.12/turn               G - +4 ring of evasion

@: mighty, tree-form, gold aura, attractive, slowed, lost intelligence, unable
to read, very slow
A: stationary, stasis, torment immunity, boosted hp, large, unfitting armour,
(claws 3), regeneration 1, (shaggy fur 1), (tough skin 1), thin skeletal
structure 1, agile 1, frail 1, subdued magic 1, MP-powered wands
a: Renounce Religion, Potion Petition, Call Merchant, Bribe Branch


You were on level 9 of the Dungeon.
You worshipped Gozag.
Gozag was pleased with you.
You were a tree.
You visited 2 branches of the dungeon, and saw 10 of its levels.

You collected 961 gold pieces.
You paid 94 gold pieces to Gozag.

Inventory:

Hand Weapons
 a - a +0 vorpal flail
 j - a +2 whip of freezing
 m - a +0 vampiric hand axe
 u - a +2 mace of venom
 v - a +3 halberd
 w - a +4 spear of freezing
 C - the +6 mace of Mayhem (weapon) {elec, rC+++ Int-3 Dex+3}
   (You found it on level 2 of the Dungeon)

   It occasionally discharges a powerful burst of electricity upon striking a
   foe.
   Int:       It affects your intelligence (-3).
   Dex:       It affects your dexterity (+3).
   rC:        It renders you almost immune to cold.
 D - a +1 dagger of flaming
 J - a +2 rapier of venom
 K - a +0 whip of freezing
 Z - a +2 dagger of protection
Missiles
 b - 5 large rocks (quivered)
 g - 119 bolts
 i - 10 boomerangs
 k - 261 stones
 s - 174 arrows
 x - 2 silver boomerangs
 A - 3 throwing nets
 B - 5 javelins
 F - 17 poisoned darts
 H - 3 atropa-tipped darts
 X - 17 sling bullets
Armour
 c - a +0 kite shield (worn)
 L - +0 swamp dragon scales (melded)
Magical Staves
 I - a staff of conjuration
Jewellery
 h - a +6 ring of dexterity (left branch)
 y - an amulet of the acrobat
 G - a +4 ring of evasion (right branch)
 T - an amulet of reflection (around neck)
Wands
 E - a wand of iceblast (8)
 P - a wand of mindburst (20)
 V - a wand of flame (16)
Scrolls
 e - 4 scrolls of teleportation
 r - a scroll of amnesia
 Q - a scroll of enchant armour {unknown}
 R - a scroll of fear {unknown}
 S - a scroll of fog {unknown}
 Y - 2 scrolls of magic mapping
Potions
 d - 2 potions of might
 f - 2 potions of brilliance
 n - 2 potions of heal wounds {unknown}
 o - a potion of berserk rage
 p - 4 potions of flight
 q - a potion of attraction
 t - 2 potions of cancellation
 z - a potion of degeneration
 M - a potion of ambrosia {unknown}
 N - 2 potions of mutation
 O - 3 potions of curing
 U - a potion of magic {unknown}


   Skills:
 + Level 6.8 Fighting
 + Level 10.5 Maces & Flails
 + Level 3.4 Armour
 + Level 5.7 Dodging
 + Level 3.1 Stealth
 + Level 7.1 Shields


You had 10 spell levels left.
You didn't know any spells.
Your spell library contained the following spells:

 Spells                   Type           Power      Damage    Failure   Level
 Magic Dart               Conj           0%         1d3       80%         1
 Sting                    Tmut/Pois      0%         1d3       80%         1
 Poisonous Vapours        Pois/Air       0%         N/A       91%         2
 Searing Ray              Conj           0%         2d4       91%         2
 Call Canine Familiar     Summ           0%         N/A       99%         3
 Inner Flame              Hex/Fire       0%         N/A       99%         3
 Portal Projectile        Hex/Tloc       0%         N/A       99%         3
 Cause Fear               Hex            0%         N/A       100%        4
 Fulminant Prism          Conj/Hex       0%         3d6       100%        4
 Leda's Liquefaction      Hex/Erth       0%         N/A       100%        4
 Olgreb's Toxic Radiance  Pois           0%         N/A       100%        4
 Discord                  Hex            0%         N/A       100%        8


Dungeon Overview and Level Annotations

Branches:
Dungeon (9/15)             Temple (1/1) D:6            Lair (0/6) D:8
    Orc (0/2) D:9

Altars:
Ashenzari
Cheibriados
Dithmenos
Elyvilon
Fedhas
Gozag
Hepliaklqana
Makhleb
Nemelex Xobeh
Okawaru
Qazlal
Ru
Sif Muna
Trog
Uskayaw
Vehumet
Wu Jian
Xom
Yredelemnul
Zin
The Shining One

Shops:
D:2 (   D:4 !*[   D:6 :   D:7 *


Innate Abilities, Weirdness & Mutations

You are a tree.
Your roots penetrate the ground, keeping you stationary.
You cannot be teleported.
You are immune to unholy pain and torment.
Your maximum health is greatly increased.
Your equipment is partially melded.
You are too large for most types of armour.
((You have claws for hands.))
Your natural rate of healing is unusually fast.
((You are covered in fur. (AC +1)))
((You have tough skin. (AC +1)))
You have a somewhat thin skeletal structure. (Dex +2, Stealth+)
You are agile. (Dex +2)
You are frail. (-10% HP)
Your spells are a little easier to cast, but a little less powerful.
You expend magic power (3 MP) to strengthen your wands.


Message History

The centaur hits you but does no damage.
The centaur kicks you but does no damage.
A bullfrog comes into view.
The killer bee stings you but does no damage. x2
The bullfrog is attracted toward you.
You can move again.
You sock the killer bee!
Lightning courses through the killer bee!!
You kill the killer bee!
The killer bee is no longer distracted by gold. x2
You block the killer bee's attack.
The killer bee stings you but does no damage.
You block the killer bee's attack.
The killer bee stings you but does no damage.
The killer bee stings you.
* * * LOW HITPOINT WARNING * * *
The centaur hits you but does no damage.
The centaur kicks you but does no damage.
The killer bee stings you but does no damage.
The bullfrog is distracted by your dazzling golden aura.
The killer bee stings you but does no damage. x4
The centaur is distracted by your dazzling golden aura.
You block the killer bee's attack.
The killer bee stings you but does no damage. x4
The centaur shouts!
The bullfrog is attracted toward you.
You cannot read scrolls in your current state!
Aiming: Throw Flame
Press: ? - help, Shift-Dir - straight line, f - centaur
Aim: a centaur, quivering arrows (83% to hit)
You feel a surge of power!
The puff of flame misses the killer bee.
The puff of flame hits the centaur.
The centaur is lightly wounded.
The bullfrog croaks.
The killer bee stings you but does no damage. x5
The killer bee is distracted by your dazzling golden aura.
The killer bee stings you.
You die...
Your body crumbles into a pile of gold.

..... ..... ._.#
...... ...#
...... §≈≈#
......###.§.#
..>.=.§.#.§.#
......Fc#...#
##yy####
#y♣y.#.#
##.#yyc.#.#
#..#....#.#
#..#....#.#
###..#....'.####
#....######....#
#..............#
#..............#
#..............#


You could see a bullfrog, 2 centaurs and 6 killer bees.

Vanquished Creatures
  Harold (D:8)
  7 death yaks
  Pikel (D:4)
  A cyclops (D:7)
  Maggie (D:7)
  Grinder (D:3)
  Sigmund (D:4)
  A wyvern (D:9)
  Eustachio (D:4)
  7 yaks (D:8)
  4 water moccasins
  A sky beast (D:6)
  3 black bears
  An ice beast (D:6)
  A necrophage (D:7)
  An ogre (D:4)
  2 centaurs (D:8)
  3 phantoms
  2 kobold brigands
  3 bullfrogs
  A water moccasin zombie (D:7)
  4 scorpions
  7 killer bees (D:9)
  3 wights (D:8)
  6 orc priests
  5 hounds
  A jelly (D:5)
  Natasha (twice) (D:2)
  7 orc wizards
  3 iguanas
  A killer bee zombie (D:6)
  A hound zombie (D:5)
  A mummy (D:6)
  8 gnolls
  A howler monkey skeleton (D:7)
  13 adders
  2 white imps (D:7)
  An ufetubus (D:4)
  2 worms
  5 dart slugs
  25 orcs
  7 bats
  5 endoplasms
  2 giant cockroaches (D:1)
  9 goblins
  6 hobgoblins
  4 jackals (D:3)
  14 kobolds
  2 quokkas (D:2)
  9 ball pythons
  5 frilled lizards
  2 hobgoblin zombies (D:6)
  A kobold zombie (D:6)
  An orc zombie (D:6)
  9 rats
218 creatures vanquished.

Notes
Turn   | Place    | Note
-------+----------+-------------------------------------------
     0 | D:1      | issech the Troll Fighter began the quest for the Orb.
     0 | D:1      | Reached XP level 1. HP: 22/22 MP: 0/0
   143 | D:1      | Reached XP level 2. HP: 29/29 MP: 1/1
   235 | D:1      | Found a faded altar of an unknown god.
   240 | D:1      | Reached skill level 2 in Maces & Flails
   698 | D:2      | Reached XP level 3. HP: 36/36 MP: 2/2
   733 | D:2      | Reached XP level 4. HP: 32/44 MP: 3/3
   844 | D:2      | Identified the +6 mace of Mayhem {elec, rC+++ Int-3 Dex+3}
   916 | D:2      | Found Adutyidae's Weapon Shoppe.
   916 | D:2      | Noticed Natasha
   924 | D:2      | Killed Natasha
   925 | D:2      | Reached skill level 3 in Maces & Flails
  1009 | D:2      | Noticed Natasha
  1020 | D:2      | Killed Natasha
  1021 | D:2      | Reached XP level 5. HP: 53/53 MP: 4/4
  1403 | D:3      | Noticed Grinder
  1440 | D:3      | Killed Grinder
  1441 | D:3      | Reached skill level 4 in Maces & Flails
  1441 | D:3      | Reached skill level 1 in Stealth
  1441 | D:3      | Reached XP level 6. HP: 21/61 MP: 5/5
  1962 | D:4      | Found Mojaynaa's Distillery.
  2128 | D:4      | Noticed Pikel
  2136 | D:4      | Killed Pikel
  2137 | D:4      | Reached skill level 5 in Maces & Flails
  2137 | D:4      | Reached XP level 7. HP: 63/70 MP: 6/6
  2185 | D:4      | Reached XP level 8. HP: 63/78 MP: 7/7
  2251 | D:4      | Found Oxarel Udaf's Assorted Antiques.
  2351 | D:4      | Noticed Sigmund
  2371 | D:4      | Killed Sigmund
  2480 | D:4      | Found Bauniu's Antique Armour Shop.
  2532 | D:4      | Reached skill level 6 in Maces & Flails
  2735 | D:4      | Noticed Eustachio
  2745 | D:4      | Killed Eustachio
  2991 | D:5      | Entered Level 5 of the Dungeon
  3310 | D:5      | Reached skill level 7 in Maces & Flails
  3544 | D:5      | Reached XP level 9. HP: 83/87 MP: 8/8
  3632 | D:5      | Gained mutation: You are agile. (Dex +2) [potion of
                  | mutation]
  3632 | D:5      | Gained mutation: You are frail. (-10% HP) [potion of
                  | mutation]
  3632 | D:5      | Gained mutation: Your body sometimes deteriorates upon
                  | taking damage. [potion of mutation]
  3632 | D:5      | Gained mutation: A frigid envelope surrounds you and
                  | freezes all who hurt you. [potion of mutation]
  3633 | D:5      | Lost mutation: A frigid envelope surrounds you and freezes
                  | all who hurt you. [potion of mutation]
  3633 | D:5      | Lost mutation: Your body sometimes deteriorates upon taking
                  | damage. [potion of mutation]
  3633 | D:5      | Gained mutation: You are occasionally teleported next to
                  | monsters. [potion of mutation]
  3633 | D:5      | Gained mutation: You have a pair of small antennae on your
                  | head. [potion of mutation]
  3633 | D:5      | Gained mutation: You expend magic power (3 MP) to
                  | strengthen your wands. [potion of mutation]
  3635 | D:5      | Lost mutation: You are occasionally teleported next to
                  | monsters. [potion of mutation]
  3635 | D:5      | Lost mutation: You have a pair of small antennae on your
                  | head. [potion of mutation]
  3635 | D:5      | Gained mutation: Your spells are a little easier to cast,
                  | but a little less powerful. [potion of mutation]
  3635 | D:5      | Gained mutation: You have a somewhat thin skeletal
                  | structure. (Dex +2, Stealth+) [potion of mutation]
  4094 | D:6      | You fall into a shaft and drop 2 floors!
  4194 | D:7      | Reached skill level 5 in Fighting
  4265 | D:7      | Noticed Maggie
  4276 | D:7      | Reached skill level 5 in Dodging
  4293 | D:7      | Killed Maggie
  4294 | D:7      | Reached skill level 5 in Shields
  4325 | D:7      | Reached skill level 8 in Maces & Flails
  4456 | D:6      | Found a staircase to the Ecumenical Temple.
  4566 | Temple   | Entered the Ecumenical Temple
  4628 | Temple   | Became a worshipper of Gozag Ym Sagoz the Greedy
  5313 | D:6      | Found Jexakots's Book Boutique.
  5326 | D:6      | Reached XP level 10. HP: 87/87 MP: 9/9
  5686 | D:7      | Noticed a cyclops
  5696 | D:7      | Killed a cyclops
  5756 | D:7      | Found Fistosm's Elemental Accessories.
  6339 | D:8      | Noticed a death yak
  6340 | D:8      | Noticed a death yak
  6340 | D:8      | Noticed a death yak
  6340 | D:8      | Noticed a death yak
  6352 | D:8      | Noticed a death yak
  6354 | D:8      | Noticed a death yak
  6369 | D:9      | Killed a death yak
  6370 | D:9      | Reached skill level 1 in Armour
  6427 | D:9      | Killed a death yak
  6428 | D:9      | Reached skill level 9 in Maces & Flails
  6496 | D:9      | Killed a death yak
  6615 | D:8      | Noticed a death yak
  6640 | D:9      | Killed a death yak
  6677 | D:9      | Killed a death yak
  6692 | D:9      | Killed a death yak
  6693 | D:9      | Reached XP level 11. HP: 50/96 MP: 10/10
  6777 | D:8      | Killed a death yak
  6778 | D:8      | Reached skill level 10 in Maces & Flails
  6855 | D:8      | Found a staircase to the Lair.
  7475 | D:8      | Noticed Harold
  7488 | D:8      | Killed Harold
  7635 | D:9      | Found a staircase to the Orcish Mines.
  7746 | D:9      | Found a glowing silver altar of Zin.
  7746 | D:9      | Found a snail-covered altar of Cheibriados.
  7772 | D:9      | Lost intelligence.
  7773 | D:9      | HP: 3/144 [killer bee (6)]
  7775 | D:9      | Slain by a killer bee

Illustrated notes

Levels and vault maps discovered:
D:1:      minmay_arrival_checkered_box, layout_loops_ring,
          basic_ecumenical_altar
D:2:      layout_rooms, serial_shops, nicolae_shop_hallway_stairs, uniq_natasha
D:3:      layout_basic, uniq_grinder
D:4:      layout_loops_cross, serial_shops, shop, shop, nicolae_shop_waterfront,
          uniq_eustachio, uniq_sigmund, uniq_pikel
D:5:      nicolae_cairo_tiling, layout_basic
D:6:      wander_river, layout_basic, minmay_temple_entry_large_hall,
          serial_glass, glass_columns_a, glass_columns_c, item_on_display_a,
          due_unseen_surprise, feat_on_display, minmay_strange_pillars,
          serial_shops, nicolae_shop_behind_doors, minmay_mini_ossuary
D:7:      layout_rooms, nicolae_elemental_shop, kennysheep_generic_room_4,
          uniq_maggie
D:8:      layout_loops_cross, dpeg_lair_monsters, enter_bailey_3,
          corexii_checkpoint_a, uniq_harold
D:9:      layout_irregular_city, mainiacjoe_overflow_divided_tiny, orc_0_dummy,
          minmay_fractal_squares_5
Temple:   mainiacjoe_temple_bowtie_tessellation

Skill      XL: |  1  2  3  4  5  6  7  8  9 10 11 |
---------------+----------------------------------+-----
Maces & Flails | 2 3 4 5 7 8 9 10 | 10.5
Fighting       | 3 4 5 6 |  6.8
Shields        | 3 4 5 6 7 |  7.1
Dodging        | 3 4 5 |  5.7
Stealth        | 1 2 3 |  3.1
Armour         | 3 |  3.4

Action                   |  1- 3 |  4- 6 |  7- 9 | 10-12 || total
-------------------------+-------+-------+-------+-------++-------
Melee: Flail             |    66 |    11 |       |       ||    77
       Mace              |       |    92 |   254 |   243 ||   589
Throw: Large rock        |       |       |       |     2 ||     2
Evoke: Wand              |       |       |       |     1 ||     1
  Use: Scroll            |       |     2 |     9 |     4 ||    15
       Potion            |       |       |     4 |     6 ||    10
 Stab: Sleeping          |     2 |     5 |     8 |     4 ||    19
       Distracted        |       |       |     1 |       ||     1
Armor: Robe              |    22 |    38 |    20 |       ||    80
       Swamp dragon scal |       |       |     7 |    41 ||    48
       Skin              |       |       |       |    85 ||    85
Dodge: Dodged            |    20 |    44 |   113 |   100 ||   277
Block: Kite shield       |    36 |    51 |   101 |   216 ||   404
       Reflection        |       |       |       |     7 ||     7

Table legend: (Time is in decaauts)
 A = Elapsed time spent in this place.
 B = Non-inter-level travel time spent in this place.
 C = Inter-level travel time spent in this place.
 D = Time resting spent in this place.
 E = Time spent auto-exploring this place.
 F = Levels seen in this place.
 G = Mean time per level.
                   A        B        C        D        E       F      G
               +--------+--------+--------+--------+--------+-----+--------+
         Total |   7971 |   7769 |    202 |    288 |   3205 |  10 |  797.1 |
       Dungeon |   7730 |   7563 |    167 |    288 |   3020 |   9 |  858.9 |
        Temple |    240 |    205 |     35 |      0 |    185 |   1 |  240.0 |
               +--------+--------+--------+--------+--------+-----+--------+

Top non-repeatable levels by time:
     D:6: 1254 daAuts
     D:4: 1063 daAuts
     D:8: 1012 daAuts
     D:5: 965 daAuts
     D:7: 845 daAuts
     D:1: 718 daAuts
     D:2: 674 daAuts
     D:3: 629 daAuts
     D:9: 566 daAuts
  Temple: 240 daAuts
